A- WEST
STOCKTON PORTS @ INLAND EMPIRE 66ERS
08/11/2041
 
TOP OF THE 1ST
Stockton Ports batting - Pitching for Inland Empire 66ers : LHP José Mazara
Pitching: LHP José Mazara
Batting: RHB Tony Hernández 0-0: Ball
1-0: Swinging Strike
1-1: Ball
2-1: Foul Ball, location: 2F
2-2: Ground out 4-3 (Groundball, 4, EV 84.4 MPH)
Batting: RHB Ángelo Lacero 0-0: Ball
1-0: Foul Ball, location: 5SF
1-1: Swinging Strike
1-2: Strikes out swinging
Batting: RHB Manny Rodríguez 0-0: Called Strike
0-1: SINGLE (Line Drive, 4M, EV 97.5 MPH)
Batting: LHB Edgar Vázquez 0-0: Called Strike
0-1: Ball
1-1: Ball
2-1: Called Strike
2-2: Foul Ball, location: 7LSF
2-2: Foul Ball, location: 7LSF
2-2: Foul Ball, location: 7LDF
2-2: SINGLE (Groundball, 6D, EV 100.6 MPH)
Manny Rodríguez to second
Batting: LHB Pete Shipman 0-0: Ball
1-0: SINGLE (Line Drive, 6M, EV 94.4 MPH)
Manny Rodríguez to third
Edgar Vázquez to second
Runner from 3rd tries for Home, SAFE, throw by CF to home
Batting: SHB Artie Craufurd 0-0: Ball
1-0: Called Strike
1-1: Fly out, F8 (Line Drive, 8RD, EV 90.0 MPH)
Top of the 1st over - 1 run, 3 hits, 0 errors, 2 left on base; Stockton 1 - Inland Empire 0
BOTTOM OF THE 1ST
Inland Empire 66ers batting - Pitching for Stockton Ports : LHP Arturo López
Pitching: LHP Arturo López
Batting: LHB Sergio Aguilar 0-0: Swinging Strike
0-1: Ball
1-1: Ball
2-1: Foul Ball, location: 2F
2-2: Foul Ball, location: 7LDF
2-2: Ball
3-2: Ground out 6-3 (Groundball, 6, EV 81.3 MPH)
Batting: LHB David Pérez 0-0: Called Strike
0-1: Ball
1-1: Swinging Strike
1-2: Fly out, F7 (Flyball, 78S, EV 84.4 MPH)
Batting: RHB Manny Alfaro 0-0: Foul Ball, location: 2F
0-1: Foul Ball, location: 3FF
0-2: Foul Ball, location: 3FF
0-2: Ball
1-2: Strikes out swinging
Bottom of the 1st over - 0 runs, 0 hits, 0 errors, 0 left on base; Stockton 1 - Inland Empire 0
TOP OF THE 2ND
Stockton Ports batting - Pitching for Inland Empire 66ers : LHP José Mazara
Batting: LHB Clint Novak 0-0: Fly out, F8 (Flyball, 8LD, EV 105.6 MPH)
Batting: RHB Héctor Cintrón 0-0: Fly out, F8 (Flyball, 8LM, EV 91.3 MPH)
Batting: RHB Tesema Matojo 0-0: Fly out, F7 (Flyball, 78M, EV 85.0 MPH)
Top of the 2nd over - 0 runs, 0 hits, 0 errors, 0 left on base; Stockton 1 - Inland Empire 0
BOTTOM OF THE 2ND
Inland Empire 66ers batting - Pitching for Stockton Ports : LHP Arturo López
Batting: RHB Wilson Robles 0-0: Ball
1-0: Bunt for hit to 23 - play at first, batter OUT! 3-4
Batting: RHB Andy Branch 0-0: Swinging Strike
0-1: Ground out 5-3 (Groundball, 5L, EV 87.5 MPH)
Batting: RHB Eric Goodman 0-0: Swinging Strike
0-1: Swinging Strike
0-2: Ground out 6-3 (Groundball, 6, EV 77.5 MPH)
Bottom of the 2nd over - 0 runs, 0 hits, 0 errors, 0 left on base; Stockton 1 - Inland Empire 0
TOP OF THE 3RD
Stockton Ports batting - Pitching for Inland Empire 66ers : LHP José Mazara
Batting: RHB Tony Hernández 0-0: Ball
1-0: Fly out, F7 (Flyball, 78S, EV 89.4 MPH)
Batting: RHB Ángelo Lacero 0-0: Called Strike
0-1: Hit by Pitch
Batting: RHB Manny Rodríguez 0-0: Called Strike
Ángelo Lacero steals 2nd base
0-1: Foul Ball, location: 7LSF
0-2: DOUBLE (Line Drive, 7LS, EV 101.3 MPH)
Ángelo Lacero scores
Batting: LHB Edgar Vázquez 0-0: Fly out, F7 (Flyball, 7S, EV 75.6 MPH)
Batting: LHB Pete Shipman 0-0: Ball
1-0: Ball
2-0: Called Strike
2-1: Ball
3-1: Base on Balls
Batting: SHB Artie Craufurd 0-0: Ball
1-0: Called Strike
1-1: Swinging Strike
1-2: Foul Ball, location: 2F
1-2: Ball
2-2: Foul Ball, location: 9LMF
2-2: Strikes out swinging
Top of the 3rd over - 1 run, 1 hit, 0 errors, 2 left on base; Stockton 2 - Inland Empire 0
BOTTOM OF THE 3RD
Inland Empire 66ers batting - Pitching for Stockton Ports : LHP Arturo López
Batting: RHB Juan Vidal 0-0: Ball
1-0: Swinging Strike
1-1: Ball
2-1: SINGLE (Groundball, 6MD, EV 108.1 MPH)
Batting: RHB Sergio Jiménez 0-0: Swinging Strike
0-1: Grounds into double play, 6-4-3 (Groundball, 6, EV 88.8 MPH)
Batting: LHB Cristián Reyes 0-0: Ball
1-0: Bunt missed!
1-1: Ball
2-1: Ball
3-1: Swinging Strike
3-2: Strikes out swinging
Bottom of the 3rd over - 0 runs, 1 hit, 0 errors, 0 left on base; Stockton 2 - Inland Empire 0
TOP OF THE 4TH
Stockton Ports batting - Pitching for Inland Empire 66ers : LHP José Mazara
Batting: LHB Clint Novak 0-0: Ball
1-0: Ball
2-0: Called Strike
2-1: SINGLE (Line Drive, 7S, EV 107.5 MPH)
Batting: RHB Héctor Cintrón 0-0: Bunt missed!
0-1: Sac Bunt to 15S - play at first, batter OUT! 1-4
Clint Novak to second
Batting: RHB Tesema Matojo 0-0: Ball
1-0: Ball
2-0: DOUBLE (Line Drive, 7LS, EV 86.9 MPH)
Clint Novak scores
Batting: RHB Tony Hernández 0-0: SINGLE (Groundball, 34D, EV 104.4 MPH)
Tesema Matojo to third
Batting: RHB Ángelo Lacero 0-0: Ball
1-0: Called Strike
Tony Hernández steals 2nd base
1-1: Foul Ball, location: 2F
1-2: Fly out, F8 (Flyball, 89D, EV 103.1 MPH)
Batting: RHB Manny Rodríguez 0-0: Ball
1-0: Ground out 5-3 (Groundball, 56, EV 76.9 MPH)
Top of the 4th over - 1 run, 3 hits, 0 errors, 2 left on base; Stockton 3 - Inland Empire 0
BOTTOM OF THE 4TH
Inland Empire 66ers batting - Pitching for Stockton Ports : LHP Arturo López
Batting: LHB Sergio Aguilar 0-0: Ball
1-0: Ball
2-0: Foul Ball, location: 7LDF
2-1: Foul Ball, location: 2F
2-2: Ball
3-2: SINGLE (Groundball, 4MD, EV 103.8 MPH)
Batting: LHB David Pérez 0-0: Ball
1-0: Ball
2-0: Called Strike
2-1: Bunted foul
2-2: Foul Ball, location: 2F
2-2: Ball
3-2: Strikes out swinging
Sergio Aguilar is caught stealing 2nd base 2-6
Batter strikes out.
Batting: RHB Manny Alfaro 0-0: Ball
1-0: Foul Ball, location: 3F
1-1: Ball
2-1: Swinging Strike
2-2: Ball
3-2: Strikes out swinging
Bottom of the 4th over - 0 runs, 1 hit, 0 errors, 0 left on base; Stockton 3 - Inland Empire 0
TOP OF THE 5TH
Stockton Ports batting - Pitching for Inland Empire 66ers : LHP José Mazara
Batting: LHB Edgar Vázquez 0-0: Foul Ball, location: 2F
0-1: Swinging Strike
0-2: Ball
1-2: Ground out 5-3 (Groundball, 56, EV 106.9 MPH)
Batting: LHB Pete Shipman 0-0: Ball
1-0: Foul Ball, location: 25FF
1-1: Hit by Pitch
Batting: SHB Artie Craufurd 0-0: Swinging Strike
0-1: Fly out, F8 (Flyball, 8LXD, EV 110.6 MPH)
Batting: LHB Clint Novak 0-0: Ball
1-0: Fly out, F7 (Flyball, 78D, EV 110.0 MPH)
Top of the 5th over - 0 runs, 0 hits, 0 errors, 1 left on base; Stockton 3 - Inland Empire 0
BOTTOM OF THE 5TH
Inland Empire 66ers batting - Pitching for Stockton Ports : LHP Arturo López
Batting: RHB Wilson Robles 0-0: Called Strike
0-1: Swinging Strike
0-2: Foul Ball, location: 9LSF
0-2: Hit by Pitch
Batting: RHB Andy Branch 0-0: Called Strike
0-1: Ball
1-1: Foul Ball, location: 7LDF
1-2: Strikes out swinging
Batting: RHB Eric Goodman 0-0: Ball
1-0: Grounds into double play, 4-6-3 (Groundball, 4MD, EV 106.3 MPH)
Bottom of the 5th over - 0 runs, 0 hits, 0 errors, 0 left on base; Stockton 3 - Inland Empire 0
TOP OF THE 6TH
Stockton Ports batting - Pitching for Inland Empire 66ers : LHP José Mazara
Batting: RHB Héctor Cintrón 0-0: Called Strike
0-1: Ball
1-1: Ball
2-1: Foul Ball, location: 3DF
2-2: Foul Ball, location: 2F
2-2: Ball
3-2: Base on Balls
Pitching: RHP Chuck Gómez
Batting: RHB Tesema Matojo 0-0: Ball
1-0: Sac Bunt to 13S - play at second, runner OUT! 1-6
Batting: RHB Tony Hernández 0-0: Called Strike
0-1: Ball
1-1: Called Strike
1-2: Foul Ball, location: 2LF
1-2: Ball
2-2: Ball
3-2: Strikes out looking
Batting: RHB Ángelo Lacero 0-0: Called Strike
0-1: Foul Ball, location: 9LMF
0-2: Ball
1-2: Foul Ball, location: 7LSF
1-2: DOUBLE (Groundball, 5L, EV 108.8 MPH)
Tesema Matojo to third
Batting: RHB Manny Rodríguez 0-0: Fly out, F7 (Line Drive, 78M, EV 105.0 MPH)
Top of the 6th over - 0 runs, 1 hit, 0 errors, 2 left on base; Stockton 3 - Inland Empire 0
BOTTOM OF THE 6TH
Inland Empire 66ers batting - Pitching for Stockton Ports : LHP Arturo López
Batting: RHB Juan Vidal 0-0: DOUBLE (Flyball, 78XD, EV 112.5 MPH)
Batting: RHB Sergio Jiménez 0-0: Ball
1-0: Ground out U3 (Groundball, 34, EV 108.1 MPH)
Juan Vidal to third
Batting: LHB Cristián Reyes 0-0: Ball
1-0: Swinging Strike
1-1: Foul Ball, location: 9LMF
1-2: Ball
2-2: Strikes out swinging
Batting: LHB Sergio Aguilar 0-0: Ball
1-0: SINGLE (Line Drive, 78S, EV 98.1 MPH)
Juan Vidal scores
Batting: LHB David Pérez 0-0: Ball
1-0: Foul Ball, location: 9LSF
1-1: Ball
Sergio Aguilar steals 2nd base
2-1: Foul Ball, location: 7LSF
2-2: Strikes out looking
Bottom of the 6th over - 1 run, 2 hits, 0 errors, 1 left on base; Stockton 3 - Inland Empire 1
TOP OF THE 7TH
Stockton Ports batting - Pitching for Inland Empire 66ers : RHP Chuck Gómez
Batting: LHB Edgar Vázquez 0-0: Foul Ball, location: 2F
0-1: Ball
1-1: Swinging Strike
1-2: Foul Ball, location: 7LDF
1-2: Ball
2-2: Strikes out looking
Batting: LHB Pete Shipman 0-0: Called Strike
0-1: Ball
1-1: Foul Ball, location: 3F
1-2: SINGLE (Line Drive, 5D, EV 103.8 MPH)
Batting: SHB Artie Craufurd 0-0: Ball
1-0: Called Strike
1-1: Swinging Strike
1-2: Strikes out swinging
Batting: LHB Clint Novak 0-0: SINGLE (Line Drive, 56D, EV 103.8 MPH)
Pete Shipman to second
Batting: RHB Héctor Cintrón 0-0: Ball
1-0: Fly out, F3 (Popup, 3F, EV 60.0 MPH)
Top of the 7th over - 0 runs, 2 hits, 0 errors, 2 left on base; Stockton 3 - Inland Empire 1
BOTTOM OF THE 7TH
Inland Empire 66ers batting - Pitching for Stockton Ports : LHP Arturo López
Batting: RHB Manny Alfaro 0-0: Bunt missed!
0-1: Ball
1-1: Ground out 5-3 (Groundball, 56S, EV 73.1 MPH)
Pitching: RHP Jesús Herrera
Pinch Hitting: RHB Otojiro Kohara 0-0: Swinging Strike
0-1: Foul Ball, location: 3FF
0-2: Ball
1-2: Ball
2-2: SOLO HOME RUN (Flyball, 7LD, EV 95.0 MPH), Distance : 354 ft
Batting: RHB Andy Branch 0-0: Called Strike
0-1: Foul Ball, location: 25FF
0-2: Ball
1-2: Strikes out looking
Batting: RHB Eric Goodman 0-0: Ball
1-0: Called Strike
1-1: Foul Ball, location: 2F
1-2: Strikes out swinging
Bottom of the 7th over - 1 run, 1 hit, 0 errors, 0 left on base; Stockton 3 - Inland Empire 2
TOP OF THE 8TH
Stockton Ports batting - Pitching for Inland Empire 66ers : RHP Chuck Gómez
Now at 1B: Otojiro Kohara
Batting: SHB Tomás Alonso 0-0: Swinging Strike
0-1: Ball
1-1: Ball
2-1: Called Strike
2-2: Ball
3-2: Foul Ball, location: 2F
3-2: Base on Balls
Batting: RHB Tony Hernández 0-0: Bunted foul
0-1: Bunt missed!
0-2: Hit by Pitch
Tomás Alonso to second
Pinch Runner at 2nd José Oliveira:
Batting: RHB Ángelo Lacero 0-0: Ball
1-0: Ball
2-0: Ball
3-0: Called Strike
3-1: Called Strike
3-2: SINGLE (Line Drive, 89S, EV 98.8 MPH)
José Oliveira to third
Tony Hernández to second
Batting: RHB Manny Rodríguez 0-0: Fly out, F4 (Popup, 4, EV 68.1 MPH)
Batting: LHB Edgar Vázquez 0-0: Ball
1-0: Swinging Strike
1-1: SINGLE (Groundball, 6, EV 85.6 MPH) (infield hit)
José Oliveira scores
Tony Hernández to third
Ángelo Lacero to second
Pitching: LHP Mike Erickson
Pinch Hitting: RHB Ed Bowman 0-0: DOUBLE (Flyball, 89D, EV 90.0 MPH)
Tony Hernández scores
Ángelo Lacero scores
Edgar Vázquez to third
Batting: SHB Artie Craufurd 0-0: Swinging Strike
0-1: Ball
1-1: Foul Ball, location: 3F
1-2: Ball
2-2: Ball
3-2: Foul Ball, location: 2F
3-2: Foul Ball, location: 25F
3-2: Foul Ball, location: 2F
3-2: Foul Ball, location: 7LMF
3-2: Base on Balls
Pinch Hitting: RHB Dan Irwin 0-0: Called Strike
0-1: Ball
1-1: Ball
2-1: Swinging Strike
2-2: Fly out, F4 (Line Drive, 4, EV 71.3 MPH)
Batting: RHB Héctor Cintrón 0-0: Ball
1-0: Foul Ball, location: 25F
1-1: Called Strike
1-2: Strikes out swinging
Top of the 8th over - 3 runs, 3 hits, 0 errors, 3 left on base; Stockton 6 - Inland Empire 2
BOTTOM OF THE 8TH
Inland Empire 66ers batting - Pitching for Stockton Ports : RHP Jesús Herrera
Now at 1B: Ed Bowman
Now at 3B: Dan Irwin
Now at SS: Artie Craufurd
Batting: RHB Juan Vidal 0-0: DOUBLE (Line Drive, 89D, EV 111.3 MPH) - OUT at third base trying to stretch hit.
Pinch Hitting: RHB Bob O'Bronagham 0-0: Foul Ball, location: 3FF
0-1: Called Strike
0-2: Foul Ball, location: 2F
0-2: Ball
1-2: DOUBLE (Flyball, 8LXD, EV 111.9 MPH)
Batting: LHB Cristián Reyes 0-0: Ball
1-0: Ball
2-0: Ball
3-0: Base on Balls
Batting: LHB Sergio Aguilar 0-0: Ball
1-0: Ball
Wild Pitch!
Bob O'Bronagham to third
Cristián Reyes to second
2-0: Ball
3-0: Base on Balls
Batting: LHB David Pérez 0-0: Called Strike
0-1: Ball
1-1: Ball
2-1: Foul Ball, location: 2F
2-2: SINGLE (Line Drive, 6MD, EV 100.0 MPH)
Bob O'Bronagham scores
Cristián Reyes to third
Sergio Aguilar to second
Batting: RHB Manny Alfaro 0-0: Called Strike
0-1: SINGLE (Flyball, 89S, EV 96.9 MPH)
Cristián Reyes scores
Sergio Aguilar to third
David Pérez to second
Batting: RHB Otojiro Kohara 0-0: Ball
1-0: Swinging Strike
1-1: Ball
2-1: Foul Ball, location: 2F
2-2: Foul Ball, location: 2F
2-2: Foul Ball, location: 9LMF
2-2: Strikes out swinging
Pinch Hitting: RHB Luis Féliz 0-0: Fly out, F9 (Line Drive, 9, EV 86.3 MPH)
Bottom of the 8th over - 2 runs, 4 hits, 0 errors, 3 left on base; Stockton 6 - Inland Empire 4
TOP OF THE 9TH
Stockton Ports batting - Pitching for Inland Empire 66ers : LHP Mike Erickson
Now at 1B: Bob O'Bronagham
Now at 3B: Otojiro Kohara
Now in LF: Luis Féliz
Batting: RHB José Oliveira 0-0: Ball
1-0: DOUBLE (Line Drive, 7LM, EV 102.5 MPH)
Batting: RHB Tony Hernández 0-0: Bunted foul
0-1: Bunted foul
0-2: Hit by Pitch
Batting: RHB Ángelo Lacero 0-0: Sac Bunt to 15 - play at first, batter safe!
José Oliveira to third
Tony Hernández to second
Batting: RHB Manny Rodríguez 0-0: Ball
1-0: Ball
2-0: Ball
3-0: Called Strike
3-1: Swinging Strike
3-2: Strikes out looking
Pinch Hitting: RHB Steve Chase 0-0: Swinging Strike
0-1: Foul Ball, location: 7LDF
0-2: Foul Ball, location: 3F
0-2: Ball
1-2: Ball
2-2: Foul Ball, location: 9LDF
2-2: Grounds into fielders choice 6-2 (Groundball, 6, EV 76.9 MPH)
Tony Hernández to third
Ángelo Lacero to second
Batting: RHB Ed Bowman 0-0: Ball
1-0: Ball
2-0: Ball
3-0: Called Strike
3-1: Base on Balls
Tony Hernández scores
Ángelo Lacero to third
Steve Chase to second
Pitching: RHP Augusto Soto
Pinch Hitting: LHB Jorge Oliveira 0-0: SINGLE (Line Drive, 6MD, EV 106.9 MPH)
Ángelo Lacero scores
Steve Chase to third
Ed Bowman to second
Runner from 3rd tries for Home, SAFE, throw by CF to home
Pinch Hitting: LHB Arturo Reyes 0-0: DOUBLE (Groundball, 5L, EV 105.6 MPH)
Ed Bowman scores
Jorge Oliveira to third
Batting: RHB Héctor Cintrón 0-0: Ball
1-0: Swinging Strike
1-1: Fly out, F8 (Flyball, 89M, EV 86.3 MPH)
Top of the 9th over - 4 runs, 4 hits, 0 errors, 2 left on base; Stockton 10 - Inland Empire 4
BOTTOM OF THE 9TH
Inland Empire 66ers batting - Pitching for Stockton Ports : RHP Jesús Herrera
Now at 3B: Steve Chase
Now at SS: Arturo Reyes
Now in RF: Juan Gonzáles
Batting: RHB Eric Goodman 0-0: Called Strike
0-1: Foul Ball, location: 2F
0-2: Ball
1-2: Foul Ball, location: 2LF
1-2: Foul Ball, location: 3FF
1-2: Foul Ball, location: 5FF
1-2: Ball
2-2: Strikes out swinging
Batting: RHB Juan Vidal 0-0: Called Strike
0-1: Foul Ball, location: 5F
0-2: Ball
1-2: Strikes out swinging
Batting: RHB Bob O'Bronagham 0-0: Called Strike
0-1: Ball
1-1: SINGLE (Groundball, 6, EV 83.1 MPH)
Pinch Hitting: RHB Stan Ross 0-0: SINGLE (Line Drive, 4MD, EV 105.0 MPH)
Bob O'Bronagham to second
Pitching: LHP Joe House
Pinch Hitting: SHB Virgil Sullivan 0-0: Foul Ball, location: 2F
0-1: 3-RUN HOME RUN (Flyball, 7D, EV 101.9 MPH), Distance : 386 ft
Batting: LHB David Pérez 0-0: Ball
1-0: Fly out, F2 (Popup, 2R, EV 93.8 MPH)
Bottom of the 9th over - 3 runs, 3 hits, 0 errors, 0 left on base; Stockton 10 - Inland Empire 7
Monday, April 1st , 2024 - OOTP Baseball 24.10 Build 82